 Dungeon Crawl Stone Soup version 0.16.2-12-gd0ad4c3 (webtiles) character file.

98 Kloppie the Sneak (level 4, 0/21 HPs)
             Began as a Vine Stalker Enchanter on Oct 27, 2015.
             Succumbed to an adder's poison
             ... on level 3 of the Dungeon.
             The game lasted 00:04:15 (1865 turns).

Kloppie the Sneak (Vine Stalker Enchanter)          Turns: 1865, Time: 00:04:16

Health: 0/21       AC:  4    Str: 10      XL:     4   Next: 71%
Magic:  4/8        EV: 17    Int: 13 (15) God:
Gold:   83         SH:  0    Dex: 21      Spells: 1 memorised, 6 levels left

rFire  . . .     SeeInvis .     a - +1 dagger
rCold  . . .     Clarity  .     b - +1 robe
rNeg   . . .     SustAb   .     (no shield)
rPois  .         Gourm    .     p - +1 hat {Spirit}
rElec  .         Spirit   +     (no cloak)
rCorr  .         Warding  .     (no gloves)
rMut   .         Stasis   .     (no boots)
MR     .....                    (no amulet)
Stlth  ++++......               (no ring)
                                (no ring)

@: agile, lethally poisoned (0 -> -3), not resistant to hostile enchantments,
stealthy
A: fangs 2, hooves 1, regeneration 1, magic shield, antimagic bite, no device
heal 3, rot immunity
a: no special abilities


You were on level 3 of the Dungeon.
You were very hungry.

You visited 1 branch of the dungeon, and saw 3 of its levels.

You collected 83 gold pieces.

Inventory:

Hand weapons
 a - a +1 dagger (weapon)
Armour
 b - a +1 robe (worn)
 p - a +1 hat of spirit shield (worn)
Jewellery
 q - a cursed ring of teleportation {unknown}
Scrolls
 e - a scroll of random uselessness {unknown}
 g - 3 scrolls of identify {unknown}
 k - a scroll of blinking {unknown}
 m - a scroll of fear {unknown}
 n - a scroll of magic mapping {unknown}
 o - a scroll of teleportation {unknown}
Books
 c - a book of Maledictions

   Spells                             Type                      Level
   a - Corona                         Hexes                        1
   b - Sure Blade                     Hexes/Charms                 2
   c - Ensorcelled Hibernation        Hexes/Ice                    2
   d - Confuse                        Hexes                        3
   e - Dazzling Spray                 Conjuration/Hexes            3
   f - Enslavement                    Hexes                        4
 j - a book of the Warp

   Spells                             Type                      Level
   a - Recall                         Summoning/Translocation      3
   b - Control Teleport               Charms/Translocation         4
   c - Force Lance                    Conjuration/Translocation    4
   d - Phase Shift                    Translocation                5
   e - Warp Weapon                    Charms/Translocation         5
   f - Gell's Gravitas                Hexes/Translocation          5
   g - Summon Forest                  Summoning/Translocation      5
Comestibles
 d - a bread ration
 l - a meat ration


   Skills:
 + Level 2.5 Short Blades
 - Level 1.5 Dodging
 + Level 5.7 Stealth
 - Level 2.1 Spellcasting
 - Level 3.0 Hexes


You had 6 spell levels left.
You knew the following spells:

 Your Spells              Type           Power        Failure   Level  Hunger
a - Corona                Hex            #......      10%         1    ##.....


Dungeon Overview and Level Annotations

Branches:
Dungeon (3/15)

Altars:
Ashenzari
Gozag
The Shining One


Innate Abilities, Weirdness & Mutations

You have extremely sharp teeth.
Your natural rate of healing is unusually fast.
When hurt, damage is shared between your health and your magic reserves.
Your bite disrupts and absorbs the magic of your enemies.
Potions and wands cannot restore your health.
You are immune to rotting.
You have large cloven feet.


Message History

* * * LOW HITPOINT WARNING * * *
Drink which item? (? for menu, Esc to quit)
It was a potion of beneficial mutation.
Your feet thicken and deform.
You feel fantastic! The adder closely misses you. The adder bites you.
* * * LOW HITPOINT WARNING * * *
Drink which item? (? for menu, Esc to quit)
It was a potion of agility.
You feel agile all of a sudden.
* * * LOW HITPOINT WARNING * * *
You feel sick. The adder barely misses you.
Drink which item? (? for menu, Esc to quit)
It was a potion of degeneration.
There was something very wrong with that liquid.
You feel dopey.
* * * LOW HITPOINT WARNING * * *
You feel sick. The adder bites you.
* * * LOW HITPOINT WARNING * * *
You feel sick.
You die...

#### #........#+#....#.#
#......#().†......#
###'####........!..
########## #.# #..........
#........## #K# #...######.
..........## #S# ##..# #..
...........###S#####..###.#
............##...##.......#
.............###@##.......#
..............##.##......<#
).......(.....##..'..>....#
...8.(8.......#####.......#
....≈≈§.......# #.......#
..§.≈≈........# #.......#
...8..8.......# #.......#
..............# #.......#
..............#####.......#


You could see 2 adders.

Vanquished Creatures
  5 adders
  8 bats
  2 giant cockroaches (D:1)
  4 goblins
  9 hobgoblins
  10 kobolds
  2 quokkas (D:2)
  2 ball pythons
  A giant gecko (D:2)
  3 giant newts
  10 rats
56 creatures vanquished.

Vanquished Creatures (others)
  5 toadstools (D:1)
5 creatures vanquished.

Grand Total: 61 creatures vanquished

Notes
Turn   | Place    | Note
--------------------------------------------------------------
     0 | D:1      | Kloppie, the Vine Stalker Enchanter, began the quest for the Orb.
     0 | D:1      | Reached XP level 1. HP: 9/9 MP: 3/3
   131 | D:1      | Reached skill level 1 in Short Blades
   148 | D:1      | You fall through a shaft!
   158 | D:2      | Reached skill level 4 in Stealth
   162 | D:2      | Reached XP level 2. HP: 13/13 MP: 3/5
   412 | D:1      | Reached XP level 3. HP: 16/16 MP: 7/7
  1140 | D:2      | Reached skill level 5 in Stealth
  1206 | D:2      | Reached XP level 4. HP: 19/21 MP: 8/8
  1222 | D:2      | Found a glowing golden altar of the Shining One.
  1222 | D:2      | Found a shattered altar of Ashenzari.
  1223 | D:2      | Found an opulent altar of Gozag.
  1861 | D:3      | Gained mutation: You have large cloven feet. [potion of beneficial mutation]
  1863 | D:3      | HP: 1/21 [poisoned by an adder]
  1865 | D:3      | Succumbed to an adder's poison

Action                   |  1- 3 |  4- 6 || total
-------------------------+-------+-------++-------
Melee: Dagger            |   118 |    73 ||   191
 Cast: Corona            |     1 |       ||     1
  Use: Potion            |       |     3 ||     3
 Stab: Sleeping          |     8 |     3 ||    11
       Distracted        |     1 |     1 ||     2
  Eat: Chunk             |     1 |     1 ||     2
